 Dungeon Crawl Stone Soup version 0.15.0-9-g1a96a59 (webtiles) character file.

328523 HLA the Cruncher (level 19, -1/165 HPs)
             Began as a Demigod Conjurer on Aug 30, 2014.
             Slain by a deep troll (16 damage)
             ... led by an ironheart preserver
             ... on Level 2 of the Vaults.
             The game lasted 03:42:24 (79630 turns).

HLA the Cruncher (Demigod Conjurer)                Turns: 79630, Time: 03:42:26

HP  -1/165       AC 36     Str 18      XL: 19   Next: 99%
MP  37/37        EV 14     Int 22 (23) God:
Gold 1101        SH  0     Dex 23      Spells:  8 memorised, 17 levels left

rFire  + + .     SeeInvis +     a - +7 lajatang of Order {silver, rMut}
rCold  + . .     Clarity  .     f - +10 plate armour "Huzirr" {MR+ Slay+6}
rNeg   + + .     rCorr    .     (no shield)
rPois  +         rRot     .     R - +2 hat of the Sunfish {rPois rN+}
rElec  +         Spirit   .     N - +1 cloak {rPois}
SustAb .         Warding  .     i - +2 pair of gloves {Dex+3}
rMut   +         Stasis   .     h - +1 pair of boots of the Commoners {rElec rF+ rC+ rN+ SInv Stlth+}
Gourm  +                        F - amulet of the gourmand
MR     +++..                    y - ring of protection from fire
                                p - ring of protection from magic

@: extremely resistant to hostile enchantments, extremely unstealthy
A: no striking features
a: no special abilities
}: 2/15 runes: decaying, serpentine


You were on level 2 of the Vaults.
You were not hungry.

You visited 8 branches of the dungeon, and saw 43 of its levels.
You visited the Abyss 1 time.
You also visited: Ossuary and Ice Cave.

You collected 4982 gold pieces.
You spent 3881 gold pieces at shops.

Inventory:

Hand weapons
 a - the +7 lajatang of Order (weapon) {silver, rMut}
   (You bought it in a shop on level 1 of the Snake Pit)
 b - a +1 scimitar of flaming
 I - a +0 blowgun
 X - a +3 antimagic demon blade
Missiles
 M - 3 throwing nets (quivered)
 V - 6 curare-tipped needles
Armour
 f - the +10 plate armour "Huzirr" (worn) {MR+ Slay+6}
   (You bought it in a shop on level 6 of the Dungeon)

   It affects your accuracy and damage with ranged weapons and melee attacks
   (+6).
   It affects your resistance to hostile enchantments.
 h - the +1 pair of boots of the Commoners (worn) {rElec rF+ rC+ rN+ SInv Stlth+}
   (You bought it in a shop on level 4 of the Orcish Mines)

   It protects you from fire.
   It protects you from cold.
   It insulates you from electricity.
   It protects you from negative energy.
   It enhances your eyesight.
   It makes you more stealthy.
 i - a +2 pair of gloves of dexterity (worn)
 N - a +1 cloak of poison resistance (worn)
 R - the +2 hat of the Sunfish (worn) {rPois rN+}
   (You found it on level 4 of the Swamp)

   It protects you from poison.
   It protects you from negative energy.
Magical devices
 k - a wand of lightning (1)
 l - a wand of flame (1)
 B - a wand of disintegration (10)
 C - a wand of cold (5)
 K - a wand of cold (3)
 L - a wand of draining (0)
 O - a wand of teleportation (3)
Comestibles
 c - a beef jerky
 j - 20 bread rations
 q - 8 meat rations
 z - 5 fruits
 G - a slice of pizza
Scrolls
 g - 2 scrolls of blinking
 m - 20 scrolls of remove curse
 n - 9 scrolls of fear
 o - 9 scrolls of magic mapping
 u - a scroll of silence
 w - 5 scrolls of fog
 x - 2 scrolls of vulnerability
 A - 3 scrolls of identify
 P - 3 scrolls of holy word
 Q - 3 scrolls of immolation
 S - a scroll of enchant weapon
 T - a scroll of teleportation
 U - a scroll of acquirement
 Y - 3 scrolls of recharging
Jewellery
 d - an uncursed amulet of stasis
 p - a ring of protection from magic (left hand)
 s - a +4 ring of strength {unknown}
 y - a ring of protection from fire (right hand)
 E - an uncursed amulet of warding
 F - an amulet of the gourmand (around neck)
 Z - an uncursed ring of teleport control
Potions
 e - 4 potions of berserk rage
 r - 5 potions of cancellation
 t - a potion of haste
 v - 3 potions of resistance
 D - a potion of agility
 H - 6 potions of restore abilities
 J - 10 potions of curing
 W - 2 potions of might


   Skills:
 + Level 13.4 Fighting
 - Level 13.5 Long Blades
 + Level 14.8 Staves
 + Level 12.4 Armour
 + Level 13.7 Dodging
 - Level 1.7 Stealth
   Level 5.9 Shields
 - Level 9.1 Spellcasting
 - Level 11.5 Conjurations
 * Level 11.4 Charms


You had 17 spell levels left.
You knew the following spells:

 Your Spells              Type           Power        Failure   Level  Hunger
a - Magic Dart            Conj           ####         1%          1    None
b - Searing Ray           Conj           ######       1%          2    None
c - Iskenderun's Mystic   Conj           ######..     14%         4    ##.....
d - Iskenderun's Battles  Conj/Chrm      ######..     38%         5    ####...
e - Apportation           Tloc           ##........   98%         1    None
f - Blink                 Tloc           N/A          99%         2    None
m - Repel Missiles        Chrm/Air       #####.       28%         2    None
s - Swiftness             Chrm/Air       #####...     28%         2    None


Dungeon Overview and Level Annotations

Branches:
Dungeon (15/15)            Temple (1/1) D:4             Orc (4/4) D:12
    Elf (3/3) Orc:3          Lair (8/8) D:8           Swamp (5/5) Lair:4
  Snake (5/5) Lair:5        Slime (0/6) Lair:8       Vaults (2/5) D:13
  Crypt (0/3) Vaults:2     Depths (0/5) D:15

Shops:
D:6 [   D:10 %   D:12 *   Orc:2 (   Orc:4 [(:*:   Snake:1 (   Snake:3 [
Snake:5 [   Vaults:1 (   Vaults:2 *

Portals:
Hell: Lair:8

Annotations:
Lair:1 exclusion: oklob plant
Lair:8 exclusion: oklob plant


Message History

a dire flail; a giant club; a two-headed ogre corpse The ironheart preserver casts a spell.
The ironheart preserver begins to accept its allies' injuries.
The deep troll shaman calls upon its god to speed up the deep troll.
The deep troll seems to speed up.
Read which item? (? for menu, Esc to quit)
As you read the scroll of fear, it crumbles to dust.
You assume a fearsome visage.
The ironheart preserver looks frightened!
The deep troll shaman looks frightened!
The deep troll easily resists.
The deep troll shaman prays to its god.
The deep troll shaman is healed somewhat.
There is a large open door here.
You slice the deep troll!!
The deep troll is moderately wounded.
The deep troll bites you!
* * * LOW HITPOINT WARNING * * *
The deep troll claws you but does no damage.
The deep troll claws you!
You die...

# ##'+##'###### #..#..# #
..... #Tp....# #..#..# .....
#......# #..#...
......#......# #..##..
$......#.%..∩.# #..####
.......))))...# #......
.......#).....# ##.....
......####'T################
##### #.@.........').%...
#...........'......
#####...########### #...#
#...# #.).# #.))# ..'...'
####...##


You could see an ironheart preserver (fleeing), a deep troll and a deep troll
shaman (fleeing).

Vanquished Creatures
  Asterion (Swamp:5)
  A deep elf blademaster (Elf:3)
  A tentacled starspawn (Abyss:1)
  Rupert (Swamp:2)
  Agnes (Swamp:2)
  Kirke (Swamp:2)
  A spectral weapon (Swamp:5)
  11 greater nagas
  A frost giant (IceCv)
  3 vault wardens (Vaults:1)
  The ghost of oshikia the Black Belt, a powerful DrMo of Dithmenos (Lair:8)
  5 deep elf sorcerers
  A balrug (Elf:3)
  Gastronok (Orc:3)
  An orc warlord (Orc:4)
  5 deep elf demonologists
  3 rakshasas (Vaults:1)
  9 deep elf annihilators (Elf:3)
  A lorocyproca (Abyss:1)
  Snorg (Lair:3)
  7 deep elf death magi (Elf:3)
  Josephine (Elf:1)
  A deep elf high priest (Elf:3)
  6 vault guards
  4 fire dragons
  7 ironheart preservers
  4 yaktaur captains
  15 hydras
  17 naga warriors
  2 ice dragons
  9 ogre magi
  9 centaur warriors
  A ghost crab (Vaults:2)
  A ravenous item mimic (Elf:3)
  2 shambling mangroves
  Erica (D:12)
  9 alligators
  15 anacondas
  2 deep troll earth magi (Vaults:2)
  A deep troll shaman (Vaults:2)
  3 orc high priests
  4 death yaks
  A vampire mage (Vaults:1)
  2 tengu warriors (D:15)
  10 naga sharpshooters
  10 shock serpents
  A thrashing horror (Abyss:1)
  Nergalle (Orc:3)
  12 deep elf knights
  7 skeletal warriors
  3 wretched stars (Abyss:1)
  A shadow wraith (Vaults:1)
  A spatial maelstrom (Abyss:1)
  A fire crab (Swamp:5)
  8 salamander mystics
  3 large abominations (Abyss:1)
  9 sea snakes (Snake:5)
  Erolcha (D:8)
  2 giant orange brains
  A spriggan druid (Swamp:1)
  6 deep trolls
  9 deep elf summoners
  5 harpies (Vaults:1)
  8 orc knights
  6 starcursed masses (Abyss:1)
  7 swamp dragons
  5 naga ritualists
  2 unseen horrors
  A wizard (Lair:8)
  7 hill giants
  10 deep elf conjurers
  2 wolf spiders
  6 ironbrand convokers
  32 ugly things
  7 mana vipers
  12 salamanders
  A necromancer (Abyss:1)
  A phantasmal warrior (Vaults:1)
  8 griffons
  2 worldbinders (Abyss:1)
  5 red wasps
  4 orc sorcerers
  A frost giant zombie (D:12)
  9 cyclopes
  9 guardian serpents (Snake:5)
  Maurice (D:8)
  3 orange demons (Lair:8)
  A sixfirhy (Lair:8)
  Joseph (D:9)
  3 vault sentinels (Vaults:1)
  An elephant (shapeshifter) (Vaults:1)
  50 black mambas
  21 spiny frogs
  A gargoyle (D:14)
  2 smoke demons
  An efreet (D:13)
  2 item mimics
  An apocalypse crab (Abyss:1)
  The ghost of tizzy the Bolt Thrower, an average CeHu (D:5)
  16 yaktaurs
  10 komodo dragons
  2 red devils
  2 demonic crawlers
  8 fire drakes
  A queen bee (Lair:8)
  A hydra zombie (D:15)
  3 trolls
  An ancient zyme (Abyss:1)
  2 hellwings
  57 slime creatures
  20 naga magi
  2 freezing wraiths (Vaults:1)
  19 polar bears
  9 deep elf priests
  7 giant leeches
  16 two-headed ogres
  Prince Ribbit (D:9)
  2 boulder beetles
  12 ravens
  4 blue devils (Lair:8)
  4 raiju (Abyss:1)
  4 baby alligators (Swamp:5)
  20 deep elf magi
  A hydra skeleton (D:7)
  A red wasp zombie (D:13)
  3 basilisks
  A flying skull (Abyss:1)
  7 redbacks
  8 blink frogs
  A tarantella (Vaults:1)
  6 hogs (Swamp:2)
  54 yaks
  2 wyverns
  A chaos spawn (Abyss:1)
  A trapdoor spider (shapeshifter) (Vaults:2)
  21 hippogriffs
  8 fire bats
  4 shadows
  A basilisk (shapeshifter) (Elf:3)
  A hill giant zombie (D:14)
  2 water elementals (D:12)
  6 wraiths
  3 ynoxinuls (Abyss:1)
  4 elf zombies
  13 spriggans
  40 vampire mosquitoes
  Grum (D:8)
  A neqoxec (Abyss:1)
  23 deep elf fighters
  29 wolves
  A soldier ant (D:13)
  38 water moccasins
  4 wargs
  A phantom (D:11)
  23 swamp worms
  4 mottled dragons
  69 nagas
  6 small abominations (Abyss:1)
  5 ice beasts
  2 hell hounds (Lair:8)
  18 swamp drakes
  14 porcupines
  38 ogres
  A manticore zombie (D:14)
  8 boggarts
  40 orc warriors
  5 black bears
  4 boring beetles
  3 centaurs
  The ghost of oshikia the Charmwright, an average DsSk (Ossuary)
  15 yellow wasps
  5 sky beasts
  27 crocodiles
  25 giant frogs
  2 cyclops zombies
  A glowing shapeshifter simulacrum (Vaults:2)
  4 insubstantial wisps (Swamp:5)
  4 scorpions
  An eye of draining (shapeshifter) (Elf:1)
  2 hippogriff zombies (D:9)
  A cyclops skeleton (D:14)
  An eye of draining (D:8)
  A hippogriff skeleton (D:9)
  18 wights
  A troll skeleton (D:14)
  A troll zombie (D:11)
  An electric eel (D:12)
  25 killer bees
  2 vampire bats (Lair:1)
  A yak skeleton (D:3)
  13 bog bodies
  7 crimson imps
  A quasit (D:9)
  2 giant frog zombies
  A lava snake (Swamp:5)
  A basilisk zombie (D:13)
  2 goliath beetles (D:8)
  A giant frog skeleton (D:8)
  An iron imp (Abyss:1)
  7 jellies
  32 orc priests
  19 hounds
  2 orange rats (Elf:2)
  40 orc wizards
  Natasha (thrice) (D:4)
  2 elf skeletons (Elf:1)
  6 iguanas
  18 worker ants
  3 sheep (D:13)
  3 mottled dragon zombies
  An ogre zombie (D:8)
  A sky beast zombie (D:9)
  2 hound zombies
  An elf simulacrum (Elf:1)
  7 mummies
  21 adders
  70 green rats
  5 shadow imps
  2 giant mites
  2 white imps (Abyss:1)
  A worm (D:2)
  3 ufetubi (Abyss:1)
  An iguana zombie (Ossuary)
  An adder skeleton (D:6)
  3 giant geckos
  An ooze (D:3)
  209 orcs
  2 ball pythons
  A bat skeleton (D:7)
  2 bat zombies
  8 giant cockroaches
  15 goblins
  26 hobgoblins
  17 jackals
  16 quokkas
  35 bats
  3 giant cockroach zombies (Ossuary)
  3 giant newts
  2 giant newt zombies (Ossuary)
  A giant spore (D:7)
  2 gnoll zombies (D:6)
  4 goblin zombies (Ossuary)
  5 hobgoblin zombies
  A jackal zombie (Ossuary)
  13 kobolds
  4 kobold zombies
  5 orc zombies
  A quokka skeleton (D:6)
  A quokka zombie (D:6)
  13 rats
  A rat skeleton (D:7)
  2 rat zombies (Ossuary)
  3 ballistomycetes
  2 fungi
  2 plants
  A starspawn tentacle (Abyss:1)
2074 creatures vanquished.

Vanquished Creatures (others)
  2 hydras (Swamp:5)
  An alligator (Swamp:5)
  A lindwurm (Swamp:5)
  A polar bear (IceCv)
  A wolf (IceCv)
  4 swamp drakes (Swamp:5)
  An ogre (D:13)
  An orange rat (Vaults:1)
  An ufetubus (Elf:2)
  An orc (D:11)
  A giant spore (D:13)
  4 fungi
  2 plants
  3 starspawn tentacles (Abyss:1)
24 creatures vanquished.

Grand Total: 2098 creatures vanquished

Notes
Turn   | Place    | Note
--------------------------------------------------------------
     0 | D:1      | HLA, the Demigod Conjurer, began the quest for the Orb.
     0 | D:1      | Reached XP level 1. HP: 14/14 MP: 3/3
   197 | D:1      | Reached skill level 4 in Conjurations
   267 | D:1      | Reached XP level 2. HP: 20/20 MP: 2/4
   601 | D:2      | Learned a level 2 spell: Searing Ray
   750 | D:2      | Found a snail-covered altar of Cheibriados.
   750 | D:2      | Found a glowing golden altar of the Shining One.
   751 | D:2      | Found a radiant altar of Vehumet.
   767 | D:2      | Found a bloodstained altar of Trog.
   967 | D:2      | Reached XP level 3. HP: 26/26 MP: 1/8
  2197 | D:3      | Reached XP level 4. HP: 20/33 MP: 2/11
  2328 | D:3      | Reached skill level 5 in Conjurations
  2402 | D:3      | Learned a level 4 spell: Iskenderun's Mystic Blast
  2628 | D:4      | Reached XP level 5. HP: 38/38 MP: 7/14
  2673 | D:4      | Noticed an ogre
  2679 | D:4      | Killed an ogre
  2900 | D:4      | Found a staircase to the Ecumenical Temple.
  2920 | Temple   | Entered the Ecumenical Temple
  2937 | D:4      | Noticed Natasha
  2942 | D:4      | Killed Natasha
  3041 | D:4      | Found a stormy altar of Qazlal.
  3041 | D:4      | Found a deep blue altar of Sif Muna.
  3042 | D:4      | Found an ancient bone altar of Kikubaaqudgha.
  3057 | D:4      | Reached skill level 6 in Conjurations
  3079 | D:4      | Noticed Natasha
  3085 | D:4      | Killed Natasha
  3085 | D:4      | Reached XP level 6. HP: 37/45 MP: 6/17
  3157 | D:4      | Found a shattered altar of Ashenzari.
  3178 | D:4      | Noticed an ogre
  3295 | D:4      | Noticed Natasha
  3319 | D:4      | Killed Natasha
  3881 | D:4      | Learned a level 5 spell: Iskenderun's Battlesphere
  4320 | D:4      | Killed an ogre
  4320 | D:4      | Reached skill level 1 in Charms
  4320 | D:4      | Reached XP level 7. HP: 50/50 MP: 10/19
  4361 | D:5      | Entered Level 5 of the Dungeon
  4918 | D:5      | Noticed tizzy's ghost (average CeHu)
  4931 | D:5      | Killed tizzy's ghost
  4931 | D:5      | Reached skill level 7 in Conjurations
  5263 | D:5      | Found a burning altar of Makhleb.
  5263 | D:5      | Found a shimmering altar of Xom.
  5429 | D:6      | Found Cras' Antique Armour Boutique.
  5438 | D:6      | Bought a pair of ichor-stained boots for 209 gold pieces
  5439 | D:6      | Bought a glowing robe for 15 gold pieces
  5458 | D:6      | Identified the +0 pair of boots "Phiojomyuf" {-Tele +Fly rElec rC+ Int+2} (You bought it in a shop on level 6 of the Dungeon)
  5477 | D:6      | Reached XP level 8. HP: 57/57 MP: 10/21
  5628 | D:6      | Found a sand-covered staircase.
  5636 | Ossuary  | Entered an ossuary
  5701 | Ossuary  | Noticed oshikia's ghost (average DsSk)
  5717 | Ossuary  | Killed oshikia's ghost
  6057 | Ossuary  | Reached skill level 8 in Conjurations
  6306 | D:6      | Reached skill level 5 in Spellcasting
  6657 | D:6      | Reached skill level 1 in Fighting
  6792 | D:6      | Bought a pair of glowing gloves for 99 gold pieces
  6887 | D:6      | Found a basalt altar of Yredelemnul.
  7105 | D:7      | Reached skill level 5 in Charms
  7320 | D:7      | Found a burning altar of Makhleb.
  7495 | D:7      | Reached XP level 9. HP: 67/67 MP: 11/24
  8131 | D:8      | Reached skill level 9 in Conjurations
  8138 | D:8      | Found a staircase to the Lair.
  8520 | D:8      | Noticed Maurice
  8530 | D:8      | Killed Maurice
  8651 | D:8      | Noticed Grum
  9118 | D:8      | Noticed Erolcha
  9140 | D:8      | Killed Grum
  9433 | D:8      | Killed Erolcha
  9433 | D:8      | Reached skill level 1 in Long Blades
  9433 | D:8      | Reached XP level 10. HP: 63/77 MP: 7/26
 10065 | D:9      | Noticed Prince Ribbit
 10069 | D:9      | Killed Prince Ribbit
 10069 | D:9      | Reached skill level 10 in Conjurations
 10516 | D:9      | Found a stormy altar of Qazlal.
 10708 | D:9      | Found a burning altar of Makhleb.
 10760 | D:9      | Found a shimmering altar of Xom.
 10769 | D:9      | Found a glowing golden altar of the Shining One.
 10784 | D:9      | Found a blossoming altar of Fedhas.
 10917 | D:9      | Found a radiant altar of Vehumet.
 11224 | D:9      | Found a shadowy altar of Dithmenos.
 11280 | D:9      | Noticed Joseph
 11290 | D:9      | Killed Joseph
 11699 | Lair:1   | Entered Level 1 of the Lair of Beasts
 11808 | Lair:1   | Noticed an oklob plant
 11885 | Lair:1   | Reached skill level 1 in Shields
 11894 | Lair:1   | Reached XP level 11. HP: 76/85 MP: 15/28
 12221 | Lair:1   | Reached skill level 5 in Dodging
 13392 | Lair:1   | Reached skill level 5 in Fighting
 13459 | Lair:1   | Found a bloodstained altar of Trog.
 13804 | D:6      | Bought a heavily runed ring mail for 198 gold pieces
 13815 | D:6      | Identified the +4 ring mail "Zidy" {rPois} (You bought it in a shop on level 6 of the Dungeon)
 14724 | Lair:2   | Found a white marble altar of Elyvilon.
 15454 | Lair:3   | Noticed Snorg
 15468 | Lair:3   | Killed Snorg
 15738 | Lair:3   | Reached XP level 12. HP: 83/94 MP: 21/29
 15810 | Lair:3   | Reached skill level 11 in Conjurations
 15932 | Lair:3   | Reached skill level 5 in Long Blades
 17467 | Lair:4   | Found a staircase to the Swamp.
 17736 | Lair:5   | Found a staircase to the Snake Pit.
 18554 | Lair:5   | Noticed a seven-headed hydra
 18561 | Lair:5   | Killed a seven-headed hydra
 18561 | Lair:5   | Reached skill level 1 in Armour
 18640 | Lair:6   | Learned a level 2 spell: Swiftness
 18731 | Lair:6   | Noticed a seven-headed hydra
 18735 | Lair:6   | Killed a seven-headed hydra
 19971 | Lair:7   | Reached skill level 5 in Shields
 20135 | Lair:7   | Reached XP level 13. HP: 88/103 MP: 22/31
 20439 | Lair:7   | Noticed a five-headed hydra
 20445 | Lair:7   | Killed a five-headed hydra
 20685 | Lair:8   | Entered Level 8 of the Lair of Beasts
 20770 | Lair:8   | Found a frozen archway.
 20942 | IceCv    | Entered an ice cave
 21061 | IceCv    | Learned a level 2 spell: Repel Missiles
 22171 | IceCv    | Noticed a frost giant
 22269 | IceCv    | Killed a frost giant
 22737 | IceCv    | Got a jewelled chain mail
 22769 | Lair:8   | Identified the cursed +0 chain mail of the First Snow {rElec Int+3 SInv} (You found it in an ice cave)
 23516 | Lair:8   | Found a staircase to the Slime Pits.
 23572 | Lair:8   | Noticed oshikia's ghost (powerful DrMo)
 24566 | D:10     | Entered Level 10 of the Dungeon
 24842 | D:10     | Found Thraunu Fruvi's Food Shop.
 26658 | D:12     | Noticed Erica
 26664 | D:12     | Killed Erica
 26780 | D:12     | Learned a level 1 spell: Apportation
 27056 | D:12     | Reached XP level 14. HP: 114/114 MP: 16/32
 27302 | D:12     | Found Elushila's General Store.
 27326 | D:12     | Bought a scroll of identify for 28 gold pieces
 28024 | D:12     | Found a staircase to the Orcish Mines.
 28042 | Orc:1    | Entered Level 1 of the Orcish Mines
 28102 | Orc:1    | Found an iron altar of Okawaru.
 29246 | D:10     | Reached skill level 5 in Armour
 30060 | Lair:8   | Killed oshikia's ghost
 30615 | Lair:8   | Found a burning altar of Makhleb.
 31031 | Lair:8   | Found a gateway to Hell.
 31725 | D:6      | Bought a smoking plate armour for 616 gold pieces
 31736 | D:6      | Identified the +10 plate armour "Huzirr" {MR+ Slay+6} (You bought it in a shop on level 6 of the Dungeon)
 31956 | Orc:2    | Found Qokhlarhen's Weapon Emporium.
 32624 | Orc:3    | Noticed Gastronok
 32637 | Orc:3    | Killed Gastronok
 32847 | Orc:3    | Noticed Nergalle
 32855 | Orc:3    | Killed Nergalle
 32911 | Orc:3    | Found a staircase to the Elven Halls.
 33082 | Orc:4    | Entered Level 4 of the Orcish Mines
 33270 | Orc:4    | Paralysed by an orc sorcerer for 5 turns
 33561 | Orc:4    | Reached skill level 10 in Long Blades
 33660 | Orc:4    | Noticed an orc warlord
 33851 | Orc:4    | Killed an orc warlord
 33905 | Orc:4    | Found a roughly hewn altar of Beogh.
 34512 | Orc:4    | Found Heynisabyn's Book Emporium.
 34538 | Orc:4    | Found Chuugg's Book Emporium.
 34666 | Orc:4    | Found Frusaos' Antique Weapon Emporium.
 34684 | Orc:4    | Found Asalufe's Antique Armour Emporium.
 34691 | Orc:4    | Bought a pair of blackened boots for 304 gold pieces
 34702 | Orc:4    | Identified the +1 pair of boots of the Commoners {rElec rF+ rC+ rN+ SInv Stlth+} (You bought it in a shop on level 4 of the Orcish Mines)
 34716 | Orc:4    | Found Xoeblos' General Store.
 34723 | Orc:4    | Bought a scroll of identify for 26 gold pieces
 35881 | D:13     | Found a gate to the Vaults.
 36440 | D:14     | Reached XP level 15. HP: 92/124 MP: 34/34
 36802 | D:14     | Found a shattered altar of Ashenzari.
 37103 | D:14     | Found a radiant altar of Vehumet.
 38137 | D:15     | Entered Level 15 of the Dungeon
 38805 | D:15     | Reached skill level 10 in Dodging
 39046 | D:15     | Found a staircase to the Depths.
 39776 | D:15     | Reached skill level 10 in Fighting
 40546 | D:6      | Bought a shiny chain mail for 99 gold pieces
 40546 | D:6      | Bought a shiny scale mail for 88 gold pieces
 40822 | Orc:4    | Bought a shimmering scale mail for 288 gold pieces
 40822 | Orc:4    | Bought a helmet for 144 gold pieces
 40833 | Orc:4    | Identified the +2 scale mail of Cyb Rein {+Fly rF+} (You bought it in a shop on level 4 of the Orcish Mines)
 41142 | Swamp:1  | Entered Level 1 of the Swamp
 41845 | Swamp:1  | Reached skill level 12 in Long Blades
 42931 | Swamp:2  | Learned a level 2 spell: Blink
 42945 | Swamp:2  | Noticed Rupert
 42971 | Swamp:2  | Killed Rupert
 43595 | Swamp:2  | Noticed Kirke
 44272 | Swamp:2  | Noticed Agnes
 44289 | Swamp:2  | Killed Agnes
 44535 | Swamp:2  | Noticed a sphinx
 44535 | Swamp:2  | Killed Kirke
 44967 | Swamp:3  | Reached XP level 16. HP: 97/135 MP: 35/35
 46288 | Swamp:3  | Reached skill level 10 in Charms
 47109 | Swamp:4  | Got a polished leather armour
 47120 | Swamp:4  | Identified the +0 leather armour of Devotion {rF+} (You found it on level 4 of the Swamp)
 47145 | Swamp:4  | Got a faintly glowing hat
 47151 | Swamp:4  | Identified the +2 hat of the Sunfish {rPois rN+} (You found it on level 4 of the Swamp)
 47858 | Swamp:5  | Entered Level 5 of the Swamp
 47870 | Swamp:4  | Reached skill level 13 in Long Blades
 48501 | Swamp:5  | Noticed Asterion
 48995 | Swamp:5  | Noticed a spectral weapon
 49018 | Swamp:5  | Killed a spectral weapon
 49748 | Swamp:5  | Noticed a spectral weapon
 49768 | Swamp:5  | Killed Asterion
 50900 | Swamp:5  | Got a decaying rune of Zot
 51540 | Snake:1  | Entered Level 1 of the Snake Pit
 51583 | Snake:1  | Found Stripiugu's Antique Weapon Boutique.
 52815 | Snake:3  | Found Ghoilol's Antique Armour Emporium.
 53416 | Snake:3  | Reached skill level 1 in Staves
 53567 | Snake:3  | Reached skill level 10 in Armour
 53969 | Snake:3  | Reached XP level 17. HP: 104/144 MP: 11/35
 54986 | Snake:4  | Identified a +6 rod of striking (12/12) (You found it on level 2 of the Snake Pit)
 55612 | Snake:4  | Reached skill level 5 in Staves
 56873 | Snake:5  | Entered Level 5 of the Snake Pit
 57722 | Snake:1  | Bought the +7 lajatang of Order {silver, rMut} for 1767 gold pieces
 58320 | Snake:5  | Gained mutation: You can translocate small distances at will. [potion of mutation]
 58320 | Snake:5  | Gained mutation: Your vision is a little blurry. [potion of mutation]
 58320 | Snake:5  | Gained mutation: Your body is slowly deteriorating. [potion of mutation]
 58708 | Lair:1   | Lost mutation: Your body is slowly deteriorating. [potion of cure mutation]
 58708 | Lair:1   | Lost mutation: Your vision is a little blurry. [potion of cure mutation]
 58708 | Lair:1   | Lost mutation: You can translocate small distances at will. [potion of cure mutation]
 59089 | Snake:5  | Found Twioggie's Antique Armour Shop.
 61705 | Snake:5  | Reached skill level 10 in Staves
 63740 | Snake:5  | Reached XP level 18. HP: 55/151 MP: 36/36
 65774 | Snake:5  | Got a serpentine rune of Zot
 66838 | Vaults:1 | Entered Level 1 of the Vaults
 68999 | Vaults:1 | Found Yddunit's Antique Weapon Boutique.
 72051 | Vaults:1 | Cast into the Abyss (ogre mage)
 72051 | Abyss:1  | Found a corrupted altar of Lugonu.
 72185 | Abyss:1  | Paralysed by you for 2 turns
 72548 | Abyss:1  | Reached XP level 19. HP: 118/161 MP: 9/37
 72956 | Abyss:1  | Found a blossoming altar of Fedhas.
 73205 | Abyss:1  | Noticed a profane servitor
 73229 | Vaults:1 | Escaped the Abyss
 73619 | Elf:1    | Entered Level 1 of the Elven Halls
 73861 | Elf:1    | Noticed Josephine
 73870 | Elf:1    | Killed Josephine
 74129 | Elf:1    | Reached skill level 14 in Staves
 75539 | Elf:3    | Entered Level 3 of the Elven Halls
 77788 | Elf:3    | Got a dazzling scale mail
 77799 | Elf:3    | Identified the cursed -3 scale mail of Weightlessness {Str+3 Dex-5} (You found it on level 3 of the Elven Halls)
 77827 | Elf:3    | Identified Sif Muna's Handbook of Stolen Souls and Dislocation (You found it on level 3 of the Elven Halls)
 77833 | Elf:3    | Identified Crokkuk's Papyrus of Battle Magic (You found it on level 3 of the Elven Halls)
 78807 | Vaults:2 | Found a staircase to the Crypt.
 79550 | Vaults:2 | Identified a scroll of acquirement
 79571 | Vaults:2 | Found Aquacin's Assorted Antiques.
 79630 | Vaults:2 | Slain by a deep troll

Action                   |  1- 3 |  4- 6 |  7- 9 | 10-12 | 13-15 | 16-18 | 19-21 || total
-------------------------+-------+-------+-------+-------+-------+-------+-------++-------
Melee: Short sword       |     3 |     5 |   141 |    19 |       |       |       ||   168
       Unarmed           |     1 |       |       |       |       |       |       ||     1
       Demon blade       |       |       |       |   421 |  2823 |  1755 |   308 ||  5307
       Scimitar          |       |       |       |       |    14 |    60 |       ||    74
       Lajatang          |       |       |       |       |       |  1409 |   741 ||  2150
 Fire: Blowgun           |       |       |       |       |       |     5 |       ||     5
 Cast: Magic Dart        |    86 |   113 |   304 |   356 |     7 |       |       ||   866
       Searing Ray       |     2 |     8 |    53 |    76 |     3 |       |       ||   142
       Iskenderun's Batt |       |       |    13 |    74 |    23 |       |       ||   110
       Iskenderun's Myst |       |       |     1 |    62 |   287 |       |       ||   350
       Repel Missiles    |       |       |       |       |     2 |       |       ||     2
Evoke: Wand              |     1 |       |     6 |     2 |    10 |    18 |     9 ||    46
  Use: Scroll            |       |       |    11 |    19 |    13 |    18 |     3 ||    64
       Potion            |       |       |     1 |     1 |     8 |    15 |     3 ||    28
 Stab: Sleeping          |       |       |     2 |     3 |     2 |       |       ||     7
       Invisible         |       |       |       |       |     1 |       |       ||     1
       Distracted        |       |       |       |       |     1 |     1 |     4 ||     6
  Eat: Chunk             |     3 |     7 |    14 |    62 |   103 |    85 |    24 ||   298
       Beef jerky        |       |       |     2 |       |       |       |       ||     2
       Fruit             |       |       |     3 |     3 |       |       |       ||     6
       Pizza             |       |       |       |       |       |     1 |       ||     1
